 Dungeon Sprint DCSS version 0.31-a0-845-g9abc20d24f (webtiles) character file.

Game seed: 2008622084305585457

312074 Joey1 the Conqueror (level 22, -6/209 HPs)
             Began as a Minotaur Fighter on Oct 1, 2023.
             Was an Initiate of Gozag.
             Killed by divine providence
             ... invoked by a daeva
              (13 damage)
             ... in the Dungeon (Sprint VI: "Thunderdome") on Oct 2, 2023.
             The game lasted 01:34:02 (7031 turns).

Joey1 the Conqueror (Minotaur Fighter)              Turns: 7031, Time: 01:34:03

Health: -6/209     AC: 50    Str: 31    XL:     22   Next: 13%
Magic:  21/21      EV: 28    Int: 11    God:    Gozag
Gold:   13563      SH: 37    Dex: 20    Spells: 21/21 levels left

rFire   + . .        K - +9 trishula (holy)
rCold   + . .        v - +6 tower shield of Cacies {rC+ Str+2 Int+6 Dex-4}
rNeg    + + .        A - +14 crystal plate armour
rPois   +            w - +2 hat of Wariness {+Blink rElec Dex+4}
rElec   +            H - +2 cloak of Hoxes {Contam Regen+ Dex+7}
rCorr   +            y - -1 pair of gloves of the Loofah {Rampage rN++ Str+2 Int-5}
SInv    +            J - +3 pair of seven-league boots {Rampage+∞}
Will    +....        L - amulet "Lygix" {Reflect Slay+6 SH+5} Stlth
                     r - ring "Konuirch" {EV+5 Int+3}
HPRegen 1.34/turn    s - ring "Ysmopim" {rPois SInv}
MPRegen 0.17/turn

%: no teleportation, reflection, rampage+∞
@: mighty, brilliant, resistant, on berserk cooldown, hasted, glowing, very
quick
A: horns 2, retaliatory headbutt, fangs 1, deformed body, frail 1, screaming 1,
cold vulnerability 1
0: Orb of Zot
}: 8/15 runes: serpentine, slimy, elven, silver, iron, icy, dark, gossamer
a: Renounce Religion, Evoke Blink, Potion Petition, Call Merchant, Bribe Branch


You were in the Dungeon.
You worshipped Gozag.
Gozag was extremely pleased with you.
You visited 1 branch You collected 72944 gold pieces.
You spent 15029 gold pieces at shops.
You paid 44352 gold pieces to Gozag.

Inventory:

Hand Weapons
 t - a +9 broad axe of flaming
 K - a +9 trishula of holy wrath (weapon)
Armour
 v - the +6 tower shield of Cacies (worn) {rC+ Str+2 Int+6 Dex-4}
   (You bought it in a shop in the Dungeon)

   Str+2:     It affects your strength (+2).
   Int+6:     It affects your intelligence (+6).
   Dex-4:     It affects your dexterity (-4).
   rC+:       It protects you from cold.
 w - the +2 hat of Wariness (worn) {+Blink rElec Dex+4}
   (You bought it in a shop in the Dungeon)

   Dex+4:     It affects your dexterity (+4).
   rElec:     It insulates you from electricity.
   +Blink:    It lets you blink.
 x - the +2 cloak of Caustic Liberty {rF++ MP+9 Int-2 Stlth+}
   (You bought it in a shop in the Dungeon)

   Int-2:     It affects your intelligence (-2).
   rF++:      It greatly protects you from fire.
   MP+9:      It affects your magic capacity (+9).
   Stlth+:    It makes you more stealthy.
 y - the -1 pair of gloves of the Loofah (worn) {Rampage rN++ Str+2 Int-5}
   (You bought it in a shop in the Dungeon)

   Str+2:     It affects your strength (+2).
   Int-5:     It affects your intelligence (-5).
   rN++:      It greatly protects you from negative energy.
   Rampage:   It bestows one free step when moving towards enemies.
 z - the +2 pair of boots of Heagoaf {rF++ rN+ Dex+3}
   (You bought it in a shop in the Dungeon)

   Dex+3:     It affects your dexterity (+3).
   rF++:      It greatly protects you from fire.
   rN+:       It protects you from negative energy.
 A - a +14 crystal plate armour (worn)
 H - the +2 cloak of Hoxes (worn) {Contam Regen+ Dex+7}
   (You bought it in a shop in the Dungeon)

   Dex+7:     It affects your dexterity (+7).
   Contam:    It causes magical contamination when unequipped.
   Regen+:    It increases your rate of health regeneration.
 J - the +3 pair of seven-league boots (worn) {Rampage+∞}
   (You bought it in a shop in the Dungeon)

   Rampage+∞: When moving toward enemies, its wearer moves as far as possible,
   alerting their target en route.
 M - a +4 tower shield
Jewellery
 b - the amulet of the Snail {Reflect Rampage *Slow rC++ rCorr SH+5}
   (You found it in the Dungeon)

   [amulet of reflection]

   Reflect:   It reflects blocked missile attacks.
   rC++:      It greatly protects you from cold.
   rCorr:     It protects you from acid and corrosion.
   *Slow:     It may slow you when you take damage.
   SH+5:      It affects your SH (+5).
   Rampage:   It bestows one free step when moving towards enemies.
 p - the amulet of the Traitor {Regen+ Dex+3}
   (You bought it in a shop in the Dungeon)

   [amulet of regeneration]

   Dex+3:     It affects your dexterity (+3).
   Regen+:    It increases your rate of health regeneration.
 r - the ring "Konuirch" (left hand) {EV+5 Int+3}
   (You bought it in a shop in the Dungeon)

   [ring of evasion]

   EV+5:      It affects your evasion (+5).
   Int+3:     It affects your intelligence (+3).
 s - the ring "Ysmopim" (right hand) {rPois SInv}
   (You bought it in a shop in the Dungeon)

   [ring of see invisible]

   rPois:     It protects you from poison SInv: It lets you see invisible.
 D - the ring of the Blind Eye {AC+4 Dex+2}
   (You bought it in a shop in the Dungeon)

   [ring of protection]

   AC+4:      It affects your AC (+4).
   Dex+2:     It affects your dexterity (+2).
 E - the ring of the Pharaoh's Fist {rElec rPois rCorr Dex+3 Stlth+}
   (You bought it in a shop in the Dungeon)

   [ring of resist corrosion]

   Dex+3:     It affects your dexterity (+3).
   rElec:     It insulates you from electricity.
   rPois:     It protects you from poison rCorr: It protects you from acid and
   corrosion.
   Stlth+:    It makes you more stealthy.
 F - the ring of Qam Nemi {Will+ SInv}
   (You bought it in a shop in the Dungeon)

   [ring of see invisible]

   Will+:     It increases your willpower.
   SInv:      It lets you see invisible.
 G - the ring of Leaczyth {rPois rC+}
   (You bought it in a shop in the Dungeon)

   [ring of poison resistance]

   rC+:       It protects you from cold.
   rPois:     It protects you from poison
 I - the ring of Xom's Whim {Fly Will+}
   (You bought it in a shop in the Dungeon)

   [ring of flight]

   Will+:     It increases your willpower.
   Fly:       It grants you flight.
 L - the amulet "Lygix" (around neck) {Reflect Slay+6 SH+5}
   (You bought it in a shop in the Dungeon)

   [amulet of reflection]

   Reflect:   It reflects blocked missile attacks.
   Slay+6:    It affects your accuracy & damage with ranged weapons and melee
   (+6).
   SH+5:      It affects your SH (+5).
 P - the amulet of Starshine {Reflect Drain rN++ Str+4 SH+5}
   (You found it in the Dungeon)

   [amulet of reflection]

   Reflect:   It reflects blocked missile attacks.
   Str+4:     It affects your strength (+4).
   rN++:      It greatly protects you from negative energy.
   Drain:     It drains your maximum health when unequipped.
   SH+5:      It affects your SH (+5).
Wands
 k - a wand of iceblast (5)
 l - a wand of light (5)
 C - a wand of polymorph (3)
Scrolls
 j - a scroll of blinking
 m - 6 scrolls of fog
 q - 2 scrolls of silence
 u - 2 scrolls of identify
 Q - a scroll of enchant weapon
Potions
 a - 3 potions of experience
 c - a potion of mutation
 d - 12 potions of might
 e - 17 potions of curing
 f - 5 potions of heal wounds
 g - 14 potions of haste
 h - 2 potions of magic
 i - a potion of berserk rage
 n - 11 potions of resistance
 B - a potion of attraction
 N - 2 potions of invisibility
 O - a potion of degeneration
Miscellaneous
 o - a sack of spiders
 R - the horn of Geryon


   Skills:
 O Level 27 Fighting
 O Level 27 Axes
 O Level 27 Maces & Flails
 O Level 27 Polearms
 O Level 27 Staves
 O Level 27 Armour
 O Level 27 Dodging
 + Level 13.6 Stealth
 O Level 27 Shields
 O Level 27 Unarmed Combat
 O Level 27 Evocations


You had 21 spell levels left.
You didn't know any spells.
Your spell library was empty.

Dungeon Overview and Level Annotations

Branches:
Dungeon (1/1)

Altars:
Cheibriados
Dithmenos
Fedhas
Gozag
Kikubaaqudgha
Makhleb
Okawaru
Qazlal
Ru
Sif Muna
Trog
Uskayaw
Vehumet
Wu Jian
Xom
Yredelemnul
Zin
The Shining One
Lugonu

Shops:
D [=??*?[[*[[(!*[*[[[[:[[((!!!


Innate Abilities, Weirdness & Mutations

You have a pair of horns on your head.
You reflexively headbutt those who attack you in melee.
You have very sharp teeth.
Armour fits poorly on your strangely shaped body.
You are frail. (-10% HP)
You occasionally shout uncontrollably at your foes.
You are vulnerable to cold. (rC-)


Message History

The Shining One smites you!
* * * LOW HITPOINT WARNING * * *
The daeva calls down the wrath of the Shining One upon you.
The Shining One smites you!
* * * LOW HITPOINT WARNING * * *
The daeva calls down the wrath of the Shining One upon you.
The Shining One smites you!
* * * LOW HITPOINT WARNING * * *
The daeva calls down the wrath of the Shining One upon you.
The Shining One smites you!
* * * LOW HITPOINT WARNING * * *
A daeva comes into view.
It is wielding a +2 scimitar of holy wrath.
A daeva comes into view.
It is wielding a +2 eudemon blade of holy wrath.
Okay, then.
As you read the scroll of fog, it dissolves into smoke.
The daeva shouts! x2
The daeva calls down the wrath of the Shining One upon you.
The Shining One smites you!
* * * LOW HITPOINT WARNING * * *
The daeva calls down the wrath of the Shining One upon you.
The Shining One smites you!
* * * LOW HITPOINT WARNING * * *
Things that are here:
a +0 animal skin; a +0 war axe; 9 atropa-tipped darts [a] - 440 gold - resistance, invisibility and might [b] - 440 gold - brilliance, magic, heal wounds and curing [c] - 240 gold - resistance Purchase which effect?
You feel more clever all of a sudden. Magic courses through your body.
You feel much better.
You feel better.
The daeva calls down the wrath of the Shining One upon you.
The Shining One smites you!
* * * LOW HITPOINT WARNING * * *
The daeva calls down the wrath of the Shining One upon you.
The Shining One smites you!
* * * LOW HITPOINT WARNING * * *
The daeva calls down the wrath of the Shining One upon you.
The Shining One smites you!
You die...
Your body crumbles into a pile of gold.

#⌠...)...[.(# #...# #.[.)......⌠#
#⌠........A(###)..###AA..A..[..⌠#
##......(.[...)###...[(........##
###∩..(..[.)8.# #.8.A[.....∩###
##∩__...(A[[###.).A...__∩##
######[8))[).)1..8.######
#)[...§A§.A..⌠# ###.§[§§A§..###
#_§§§@A§._# #_(§§§§§._#
#_.()§§§._# #∩.[..)).∩#
##∩[[[..∩## ##.....## ##⌠⌠⌠##
#####


You could see 10 daevas and a Tzitzimitl.

Vanquished Creatures
  Antaeus (D)
  Gloorx Vloq (D)
  Mennas (D)
  Ignacio (D)
  10 ancient liches (D)
  Dispater (D)
  An acid blob (D)
  2 orbs of fire (D)
  A deep elf elementalist (D)
  3 royal mummies (D)
  Boris (D)
  3 Killer Klowns (D)
  Geryon (D)
  A profane servitor (D)
  A Brimstone Fiend (D)
  3 hellephants (D)
  6 pandemonium lords (D)
  15 Orb Guardians (D)
  A deep elf blademaster (D)
  7 liches (D)
  An Ice Fiend (D)
  7 Hell Sentinels (D)
  16 Executioners (D)
  14 sphinxes (D)
  2 ancient champions (D)
  A storm dragon (D)
  A rockslime (D)
  9 daevas (D)
  A demonspawn warmonger (D)
  4 balrugs (D)
  2 emperor scorpions (D)
  14 ghost moths (D)
  An angel (D)
  2 curse skulls (D)
  2 demonspawn corrupters (D)
  3 cacodemons (D)
  4 spriggan defenders (D)
  11 reapers (D)
  A formless jellyfish (D)
  3 quicksilver oozes (D)
  Nessos (D)
  A demonspawn black sun (D)
  3 wolf spiders (D)
  A deep elf annihilator (D)
  An anaconda (D)
  A black draconian (D)
  A deep elf demonologist (D)
  14 lorocyprocas (D)
  A blizzard demon (D)
  3 mummy priests (D)
  2 deep elf death magi (D)
  An entropy weaver (shapeshifter) (D)
  A great orb of eyes (D)
  A jiangshi (D)
  An eidolon (D)
  A merfolk impaler (D)
  A rakshasa (D)
  An ironbound frostheart (D)
  2 spriggan air magi (D)
  13 hell beasts (D)
  3 merfolk avatars (D)
  6 dancing weapons (D)
  A death knight (D)
  2 death scarabs (D)
  2 centaur warriors (D)
  A naga warrior (D)
  5 hell hogs (D)
  A vampire mage (D)
  2 soul eaters (D)
  A deep elf knight (D)
  6 spriggan berserkers (D)
  14 sun demons (D)
  A hell knight (D)
  21 skeletal warriors (D)
  3 sixfirhies (D)
  A sea snake (D)
  A spriggan druid (D)
  4 orb spiders (D)
  A bog body (D)
  7 shadow demons (D)
  6 deep elf zephyrmancers (D)
  A mana viper (D)
  3 harpies (D)
  A manticore (shapeshifter) (D)
  18 shining eyes (D)
  8 ugly things (D)
  A will-o-the-wisp (D)
  A deep elf pyromancer (D)
  A mana viper (shapeshifter) (D)
  A moth of wrath (shapeshifter) (D)
  12 moths of wrath (D)
  A black mamba (shapeshifter) (D)
  2 smoke demons (D)
  A vault sentinel (D)
  2 guardian serpents (shapeshifter) (D)
  2 water nymphs (D)
  2 orange demons (D)
  6 hellions (D)
  A rime drake (D)
  2 cane toads (shapeshifter) (D)
  An efreet (D)
  5 guardian mummies (D)
  4 tormentors (D)
  4 red devils (D)
  A merfolk (D)
  4 hornets (D)
  5 hellwings (D)
  A tyrant leech (D)
  A meliai (shapeshifter) (D)
  A tarantella (shapeshifter) (D)
  A dream sheep (shapeshifter) (D)
  2 blink frogs (shapeshifter) (D)
  A snapping turtle (D)
  2 jumping spiders (shapeshifter) (D)
  2 large abominations (D)
  A flying skull (D)
  A small abomination (D)
  4 slime creatures (D)
  3 water elementals (D)
  4 spriggans (D)
  2 fire elementals (D)
  6 golden eyes (D)
  A redback (D)
  2 neqoxecs (D)
  2 chaos spawn (D)
  6 vampire mosquitoes (D)
  A naga (D)
  3 hell hounds (D)
  A naga (shapeshifter) (D)
  A water moccasin (D)
  A floating eye (shapeshifter) (D)
  A swamp drake (D)
  2 ice beasts (D)
  An orc warrior (D)
  7 centaurs (D)
  3 bullfrogs (D)
  8 mummies (D)
  5 adders (D)
  2 ogre simulacra (D)
  An adder skeleton (D)
  8 worms (D)
  5 orcs (D)
  2 ball pythons (D)
  2 bats (D)
  A bat skeleton (D)
  A giant cockroach (D)
  A hobgoblin (D)
490 creatures vanquished.

Vanquished Creatures (others)
  A daeva (D)
  A demonspawn blood saint (D)
  A hellwing (D)
  2 foxfires (D)
5 creatures vanquished.

Grand Total: 495 creatures vanquished

Notes
Turn   | Place    | Note
-------+----------+-------------------------------------------
     0 | D        | Joey1 the Minotaur Fighter began the quest for the Orb.
     0 | D        | Reached XP level 1. HP: 19/19 MP: 0/0
     1 | D        | Found a shimmering altar of Xom.
     2 | D        | Found an opulent altar of Gozag.
     2 | D        | Found an ancient bone altar of Kikubaaqudgha.
     3 | D        | Found a glowing silver altar of Zin.
     3 | D        | Found a hide-covered altar of Uskayaw.
     4 | D        | Found Myjelut's Timeless Talismans.
     4 | D        | Found a stormy altar of Qazlal.
     4 | D        | Found Xoimn's Identification Station.
     5 | D        | Found Orerex's Jewellery.
     5 | D        | Found Nohuapp's Advanced Armour.
     5 | D        | Round 1.
    11 | D        | Became a worshipper of Gozag Ym Sagoz the Greedy
    15 | D        | Bought a clouded marble ring for 45 gold pieces
    15 | D        | Identified the ring "Guhof" {Fire Int+3} (You bought it in
                  | a shop in the Dungeon)
    15 | D        | Bought a fine steel amulet for 45 gold pieces
    15 | D        | Identified the amulet of the Traitor {Regen+ Dex+3} (You
                  | bought it in a shop in the Dungeon)
    15 | D        | Bought a fine crystal amulet for 45 gold pieces
    15 | D        | Identified the amulet "Qianan" {*Slow Regen+ Int+4 Dex+5}
                  | (You bought it in a shop in the Dungeon)
    15 | D        | Bought a clouded lapis lazuli ring for 45 gold pieces
    15 | D        | Identified the ring "Konuirch" {EV+5 Int+3} (You bought it
                  | in a shop in the Dungeon)
    30 | D        | Found a snail-covered altar of Cheibriados.
    32 | D        | Found a basalt altar of Yredelemnul.
    32 | D        | Found a shimmering blue altar of Sif Muna.
    36 | D        | Found Finioru's Premium Goods.
    39 | D        | Found a blossoming altar of Fedhas.
    39 | D        | Found a bloodstained altar of Trog.
    39 | D        | Found a sacrificial altar of Ru.
    39 | D        | Found Bagalyka's Weapon Rack.
    65 | D        | Reached skill level 1 in Dodging
    65 | D        | Reached XP level 2. HP: 28/28 MP: 1/1
    75 | D        | Bought an ancient pewter ring for 45 gold pieces
    75 | D        | Identified the ring "Ysmopim" {rPois SInv} (You bought it
                  | in a shop in the Dungeon)
    83 | D        | Found Xaociec's Miscellaneous Merchandise.
    83 | D        | Found Dyejijyc's Basic Armour.
    95 | D        | Bought a +0 broad axe for 120 gold pieces
   103 | D        | Arena points: 14 (+14) [x2]
   113 | D        | Found a shadowy altar of Dithmenos.
   114 | D        | Found a glowing golden altar of the Shining One.
   114 | D        | Found Zanudygh's Do-It-Yourself Clinic.
   115 | D        | Found Pipt's Bottled Wisdom.
   115 | D        | Found Idghoe Kimou's Distillery.
   116 | D        | Found an ornate altar of the Wu Jian Council.
   116 | D        | Found a radiant altar of Vehumet.
   116 | D        | Found Aqegopis's Distillery.
   137 | D        | Found a burning altar of Makhleb.
   137 | D        | Found a corrupted altar of Lugonu.
   137 | D        | Found Tiutsa Aruif's Staff Store.
   137 | D        | Found Zibewky's Must-Have Magic.
   138 | D        | Found Huin's Magic Scroll Shop.
   139 | D        | Found an iron altar of Okawaru.
   139 | D        | Found Vynaapn's Magic Scroll Shop.
   150 | D        | Bought a scroll of brand weapon for 95 gold pieces
   173 | D        | Round 2.
   193 | D        | Noticed an orc warrior
   197 | D        | Killed an orc warrior
   198 | D        | Reached skill level 5 in Fighting
   198 | D        | Reached skill level 5 in Armour
   198 | D        | Reached skill level 5 in Shields
   198 | D        | Reached XP level 3. HP: 36/36 MP: 2/2
   198 | D        | Reached XP level 4. HP: 42/42 MP: 3/3
   209 | D        | Arena points: 56 (+42) [x3]
   224 | D        | Bought a potion of experience for 300 gold pieces
   224 | D        | Reached XP level 5. HP: 56/56 MP: 4/4
   253 | D        | Round 3.
   255 | D        | Noticed a will-o-the-wisp
   261 | D        | Killed a will-o-the-wisp
   262 | D        | Reached XP level 6. HP: 41/62 MP: 5/5
   262 | D        | Reached XP level 7. HP: 45/69 MP: 6/6
   323 | D        | Bought a pair of bloodstained boots for 332 gold pieces
   323 | D        | Identified the +0 pair of boots "Oteiwn Wofy" {rElec Str+3}
                  | (You bought it in a shop in the Dungeon)
   332 | D        | Noticed a bog body
   338 | D        | Killed a bog body
   339 | D        | Reached skill level 10 in Fighting
   339 | D        | Reached XP level 8. HP: 79/79 MP: 7/7
   356 | D        | Reached skill level 5 in Evocations
   389 | D        | Arena points: 140 (+84) [x4]
   426 | D        | Round 4.
   434 | D        | Noticed a naga warrior
   454 | D        | Killed a naga warrior
   454 | D        | Arena points: 300 (+160) [x5]
   455 | D        | Reached XP level 9. HP: 44/85 MP: 8/8
   470 | D        | Bought 8 scrolls of enchant weapon for 600 gold pieces
   492 | D        | Bought a pitted tower shield for 332 gold pieces
   492 | D        | Identified the +6 tower shield of Cacies {rC+ Str+2 Int+6
                  | Dex-4} (You bought it in a shop in the Dungeon)
   513 | D        | Round 5.
   514 | D        | Noticed a giant anaconda
   533 | D        | Noticed a mana viper
   541 | D        | Killed a mana viper
   545 | D        | Killed a giant anaconda
   545 | D        | Arena points: 545 (+245) [x7]
   554 | D        | Got a serpentine rune of Zot
   555 | D        | Reached skill level 10 in Shields
   555 | D        | Reached XP level 10. HP: 25/101 MP: 1/9
   569 | D        | Bought 3 potions of heal wounds for 105 gold pieces
   569 | D        | Bought 3 potions of heal wounds for 105 gold pieces
   594 | D        | Bought a brightly glowing hat for 315 gold pieces
   594 | D        | Identified the +2 hat of Wariness {+Blink rElec Dex+4} (You
                  | bought it in a shop in the Dungeon)
   757 | D        | Round 6.
   780 | D        | Arena points: 929 (+384) [x8]
   813 | D        | Bought a distressingly furry cloak for 332 gold pieces
   813 | D        | Identified the +2 cloak of Caustic Liberty {rF++ MP+9 Int-2
                  | Stlth+} (You bought it in a shop in the Dungeon)
   813 | D        | Bought a pair of blackened gloves for 332 gold pieces
   813 | D        | Identified the -1 pair of gloves of the Loofah {Rampage
                  | rN++ Str+2 Int-5} (You bought it in a shop in the Dungeon)
   818 | D        | Bought a pair of warped gloves for 332 gold pieces
   818 | D        | Identified the +0 pair of gloves of Pyrute {Fly Int+4} (You
                  | bought it in a shop in the Dungeon)
   839 | D        | Round 7.
   843 | D        | Noticed a guardian serpent
   847 | D        | Killed a guardian serpent
   853 | D        | Reached skill level 15 in Fighting
   853 | D        | Reached XP level 11. HP: 112/112 MP: 10/10
   917 | D        | Arena points: 1496 (+567) [x9]
   945 | D        | Bought a +0 crystal plate armour for 960 gold pieces
   969 | D        | Bought 4 scrolls of enchant armour for 300 gold pieces
   969 | D        | Bought 4 scrolls of enchant armour for 300 gold pieces
   980 | D        | Round 8.
   982 | D        | Noticed a purple ugly thing
   992 | D        | Killed a purple ugly thing
  1033 | D        | Noticed a brown ugly thing
  1034 | D        | Noticed a purple ugly thing
  1034 | D        | Noticed a red ugly thing
  1040 | D        | Killed a brown ugly thing
  1042 | D        | Killed a red ugly thing
  1043 | D        | Reached skill level 15 in Shields
  1043 | D        | Killed a purple ugly thing
  1061 | D        | Noticed a purple ugly thing
  1061 | D        | Noticed a red ugly thing
  1068 | D        | Killed a purple ugly thing
  1070 | D        | Killed a red ugly thing
  1078 | D        | Noticed a green ugly thing
  1078 | D        | Noticed a purple ugly thing
  1087 | D        | Killed a green ugly thing
  1091 | D        | Killed a purple ugly thing
  1091 | D        | Arena points: 2216 (+720) [x10]
  1119 | D        | Bought a heavily runed golden ring for 45 gold pieces
  1119 | D        | Identified the ring "Loumig" {*Slow rElec Will+ MP+9
                  | Stlth+} (You bought it in a shop in the Dungeon)
  1119 | D        | Bought a scintillating silver ring for 45 gold pieces
  1119 | D        | Identified the ring "Paer" {Ice rPois rN+ Dex-5} (You
                  | bought it in a shop in the Dungeon)
  1119 | D        | Bought a scorched bronze ring for 45 gold pieces
  1119 | D        | Identified the ring of the Blind Eye {AC+4 Dex+2} (You
                  | bought it in a shop in the Dungeon)
  1119 | D        | Bought a warped silver ring for 45 gold pieces
  1119 | D        | Identified the ring of the Pharaoh's Fist {rElec rPois
                  | rCorr Dex+3 Stlth+} (You bought it in a shop in the
                  | Dungeon)
  1119 | D        | Bought a glittering bone ring for 45 gold pieces
  1119 | D        | Identified the ring of Qam Nemi {Will+ SInv} (You bought it
                  | in a shop in the Dungeon)
  1119 | D        | Bought a pitted amber ring for 45 gold pieces
  1119 | D        | Identified the ring of Leaczyth {rPois rC+} (You bought it
                  | in a shop in the Dungeon)
  1119 | D        | Bought a warped iron ring for 45 gold pieces
  1119 | D        | Identified the ring "Viats" {MP+9 Dex+4} (You bought it in
                  | a shop in the Dungeon)
  1119 | D        | Bought a flickering lapis lazuli ring for 45 gold pieces
  1119 | D        | Identified the ring of Xom's Whim {Fly Will+} (You bought
                  | it in a shop in the Dungeon)
  1119 | D        | Bought a flickering emerald amulet for 45 gold pieces
  1119 | D        | Identified the amulet "Hero's Friend" {RegenMP +Blink rC-
                  | Regen+ Dex+5} (You bought it in a shop in the Dungeon)
  1119 | D        | Bought a slimy iron amulet for 45 gold pieces
  1119 | D        | Identified the amulet of Yral {Faith +Blink rN+ Stlth+}
                  | (You bought it in a shop in the Dungeon)
  1119 | D        | Bought a shimmering iron amulet for 45 gold pieces
  1119 | D        | Identified the amulet "Lygix" {Reflect Slay+6 SH+5} (You
                  | bought it in a shop in the Dungeon)
  1119 | D        | Bought a scorched lapis lazuli ring for 45 gold pieces
  1119 | D        | Identified the ring "Zocax" {*Corrode rN++ Str+6} (You
                  | bought it in a shop in the Dungeon)
  1163 | D        | Round 9.
  1325 | D        | Arena points: 3206 (+990) [x11]
  1342 | D        | Bought a scroll of enchant weapon for 75 gold pieces
  1342 | D        | Bought 4 scrolls of enchant armour for 300 gold pieces
  1342 | D        | Bought 4 scrolls of enchant armour for 300 gold pieces
  1342 | D        | Bought 5 scrolls of fog for 200 gold pieces
  1358 | D        | Round 10.
  1360 | D        | Noticed a dire wolf spider
  1371 | D        | Killed a dire wolf spider
  1371 | D        | Arena points: 4376 (+1170) [x13]
  1372 | D        | Reached skill level 10 in Armour
  1375 | D        | Got a gossamer rune of Zot
  1460 | D        | Bought a shimmering cloak for 332 gold pieces
  1460 | D        | Identified the -1 cloak of Uletoen {Fly rElec} (You bought
                  | it in a shop in the Dungeon)
  1460 | D        | Bought a pair of shimmering boots for 332 gold pieces
  1460 | D        | Identified the +2 pair of boots of Heagoaf {rF++ rN+ Dex+3}
                  | (You bought it in a shop in the Dungeon)
  1494 | D        | Bought 3 scrolls of silence for 285 gold pieces
  1541 | D        | Round 11.
  1542 | D        | Noticed a deep elf pyromancer
  1544 | D        | Killed a deep elf pyromancer
  1566 | D        | Noticed a deep elf zephyrmancer
  1577 | D        | Killed a deep elf zephyrmancer
  1585 | D        | Noticed a +3 heavy mace
  1594 | D        | Killed a +3 heavy mace
  1642 | D        | Noticed a deep elf knight
  1643 | D        | Noticed a +4 heavy hand axe
  1647 | D        | Killed a +4 heavy hand axe
  1648 | D        | Reached XP level 12. HP: 130/130 MP: 11/11
  1649 | D        | Arena points: 5762 (+1386) [x14]
  1657 | D        | Reached XP level 13. HP: 138/138 MP: 12/12
  1683 | D        | Bought a potion of ambrosia for 120 gold pieces
  1683 | D        | Bought a scroll of identify for 30 gold pieces
  1683 | D        | Bought a potion of attraction for 45 gold pieces
  1716 | D        | Round 12.
  1791 | D        | Noticed Nessos
  1797 | D        | Killed Nessos
  1828 | D        | Arena points: 7742 (+1980) [x15]
  1840 | D        | Bought a potion of mutation for 112 gold pieces
  1840 | D        | Bought a potion of mutation for 112 gold pieces
  1840 | D        | Bought a potion of heal wounds for 70 gold pieces
  1882 | D        | Round 13.
  1901 | D        | Noticed a merfolk impaler
  1907 | D        | Killed a merfolk impaler
  1931 | D        | Reached skill level 15 in Armour
  2014 | D        | Arena points: 10446 (+2704) [x16]
  2062 | D        | Round 14.
  2062 | D        | Noticed a quicksilver ooze
  2062 | D        | Noticed a rockslime
  2063 | D        | Noticed a formless jellyfish
  2064 | D        | Noticed a quicksilver ooze
  2064 | D        | Gained mutation: You occasionally shout uncontrollably at
                  | your foes. [a shining eye]
  2070 | D        | Reached skill level 10 in Dodging
  2070 | D        | Killed a quicksilver ooze
  2072 | D        | Killed a rockslime
  2073 | D        | Killed a quicksilver ooze
  2076 | D        | Killed a formless jellyfish
  2079 | D        | Arena points: 13302 (+2856) [x17]
  2137 | D        | Round 15.
  2151 | D        | Noticed a deep elf elementalist
  2175 | D        | Killed a deep elf elementalist
  2175 | D        | Identified the orb of Weirdness {*Rage, Dex+3} (You found
                  | it in the Dungeon)
  2175 | D        | Arena points: 16437 (+3135) [x19]
  2180 | D        | Got an elven rune of Zot
  2181 | D        | Reached XP level 14. HP: 155/155 MP: 13/13
  2267 | D        | Bought 4 potions of curing for 84 gold pieces
  2267 | D        | Bought 4 potions of curing for 84 gold pieces
  2267 | D        | Bought 4 potions of curing for 84 gold pieces
  2267 | D        | Bought 4 potions of curing for 84 gold pieces
  2267 | D        | Bought 3 potions of heal wounds for 105 gold pieces
  2267 | D        | Bought 3 potions of heal wounds for 105 gold pieces
  2274 | D        | Bought 6 potions of resistance for 420 gold pieces
  2274 | D        | Bought 5 potions of haste for 350 gold pieces
  2293 | D        | Bought 4 scrolls of blinking for 300 gold pieces
  2369 | D        | Round 16.
  2527 | D        | Arena points: 19957 (+3520) [x20]
  2545 | D        | Bought the +3 pair of seven-league boots {Rampage+∞} for
                  | 680 gold pieces
  2545 | D        | Found the +3 pair of seven-league boots {Rampage+∞}
  2572 | D        | Round 17.
  2575 | D        | Noticed an emperor scorpion
  2575 | D        | Noticed an emperor scorpion
  2584 | D        | Noticed a ghost moth
  2585 | D        | Killed an emperor scorpion
  2586 | D        | Reached XP level 15. HP: 168/168 MP: 14/14
  2586 | D        | Killed an emperor scorpion
  2618 | D        | Arena points: 24241 (+4284) [x21]
  2666 | D        | Round 18.
  2668 | D        | Noticed an ancient champion
  2677 | D        | Killed an ancient champion
  2707 | D        | Noticed an ancient champion
  2717 | D        | Killed an ancient champion
  2768 | D        | Reached skill level 27 in Fighting
  2790 | D        | Arena points: 29785 (+5544) [x22]
  2843 | D        | Bought 3 potions of heal wounds for 105 gold pieces
  2843 | D        | Bought 3 potions of heal wounds for 105 gold pieces
  2843 | D        | Bought 3 potions of heal wounds for 105 gold pieces
  2843 | D        | Bought 3 potions of heal wounds for 105 gold pieces
  2843 | D        | Bought 3 potions of heal wounds for 105 gold pieces
  2843 | D        | Bought 3 potions of heal wounds for 105 gold pieces
  2846 | D        | Round 19.
  2941 | D        | Noticed an Ice Fiend
  2969 | D        | Noticed a deep elf blademaster
  2975 | D        | Killed a deep elf blademaster
  2994 | D        | Arena points: 36340 (+6555) [x23]
  3041 | D        | Round 20.
  3042 | D        | Bought a quad damage for 400 gold pieces
  3057 | D        | Noticed Mennas
  3074 | D        | Killed Mennas
  3074 | D        | Arena points: 42840 (+6500) [x25]
  3078 | D        | Got a silver rune of Zot
  3264 | D        | Round 21.
  3302 | D        | Reached skill level 27 in Axes
  3393 | D        | Reached XP level 16. HP: 183/183 MP: 15/15
  3406 | D        | Arena points: 53214 (+10374) [x26]
  3425 | D        | Bought 2 yellow potions for 64 gold pieces
  3425 | D        | Bought a green potion for 32 gold pieces
  3442 | D        | Bought 3 scrolls of identify for 150 gold pieces
  3465 | D        | Round 22.
  3466 | D        | Noticed an Executioner
  3469 | D        | Noticed an Executioner
  3473 | D        | Killed an Executioner
  3474 | D        | Noticed an Executioner
  3474 | D        | Noticed an Executioner
  3477 | D        | Killed an Executioner
  3480 | D        | Killed an Executioner
  3487 | D        | Killed an Executioner
  3488 | D        | Noticed an Executioner
  3495 | D        | Killed an Executioner
  3509 | D        | Noticed an Executioner
  3513 | D        | Killed an Executioner
  3516 | D        | Noticed Ignacio
  3520 | D        | Noticed an Executioner
  3522 | D        | Noticed an Executioner
  3528 | D        | Noticed an Executioner
  3532 | D        | Killed Ignacio
  3535 | D        | Killed an Executioner
  3536 | D        | Killed an Executioner
  3537 | D        | Reached skill level 15 in Dodging
  3539 | D        | Noticed an Executioner
  3540 | D        | Killed an Executioner
  3554 | D        | Killed an Executioner
  3561 | D        | Noticed an Executioner
  3565 | D        | Killed an Executioner
  3572 | D        | Noticed an Executioner
  3573 | D        | Noticed an Executioner
  3574 | D        | Noticed an Executioner
  3576 | D        | Killed an Executioner
  3584 | D        | Killed an Executioner
  3585 | D        | Killed an Executioner
  3585 | D        | Arena points: 62718 (+9504) [x27]
  3611 | D        | Bought 6 potions of might for 168 gold pieces
  3611 | D        | Bought 4 potions of haste for 280 gold pieces
  3611 | D        | Bought 6 potions of resistance for 420 gold pieces
  3657 | D        | Round 23.
  3689 | D        | Gained mutation: Your body sometimes deteriorates upon
                  | taking damage. [a shining eye]
  3713 | D        | Gained mutation: You occasionally lose the ability to drink
                  | potions when taking damage. [a shining eye]
  3762 | D        | Gained mutation: Potions are less effective at restoring
                  | your health. [a shining eye]
  3765 | D        | Gained mutation: You are clumsy. (Dex -2) [a shining eye]
  3767 | D        | Gained mutation: You frequently scream uncontrollably at
                  | your foes. [a shining eye]
  3769 | D        | Gained mutation: You are dopey. (Int -2) [a shining eye]
  3770 | D        | Gained mutation: Armour fits poorly on your strangely
                  | shaped body. [a shining eye]
  3771 | D        | Gained mutation: You have sharp fingernails. [a shining
                  | eye]
  3773 | D        | Gained mutation: You sometimes lose your temper in combat.
                  | [a shining eye]
  3775 | D        | Gained mutation: Your magical capacity is low. (-10% MP) [a
                  | shining eye]
  3776 | D        | Gained mutation: Your magical capacity is very low. (-20%
                  | MP) [a shining eye]
  3781 | D        | Gained mutation: You are vulnerable to cold. (rC-) [a
                  | shining eye]
  3805 | D        | Lost mutation: Armour fits poorly on your strangely shaped
                  | body. [potion of mutation]
  3805 | D        | Lost mutation: Your body sometimes deteriorates upon taking
                  | damage. [potion of mutation]
  3806 | D        | Lost mutation: You are clumsy. (Dex -2) [potion of
                  | mutation]
  3806 | D        | Lost mutation: You have sharp fingernails. [potion of
                  | mutation]
  3806 | D        | Gained mutation: You have large cloven feet. [potion of
                  | mutation]
  3806 | D        | Gained mutation: You have supernaturally acute eyesight.
                  | (SInv) [potion of mutation]
  3812 | D        | Arena points: 74310 (+11592) [x28]
  3827 | D        | Bought 3 potions of mutation for 168 gold pieces
  3827 | D        | Bought 2 potions of mutation for 112 gold pieces
  3827 | D        | Bought a potion of mutation for 56 gold pieces
  3827 | D        | Lost mutation: Potions are less effective at restoring your
                  | health. [potion of mutation]
  3827 | D        | Lost mutation: You have supernaturally acute eyesight.
                  | (SInv) [potion of mutation]
  3828 | D        | Lost mutation: You are dopey. (Int -2) [potion of mutation]
  3828 | D        | Lost mutation: You occasionally lose the ability to drink
                  | potions when taking damage. [potion of mutation]
  3828 | D        | Lost mutation: Your magical capacity is very low. (-20% MP)
                  | [potion of mutation]
  3828 | D        | Gained mutation: Your body sometimes deteriorates upon
                  | taking damage. [potion of mutation]
  3828 | D        | Gained mutation: You are resistant to electric shocks.
                  | (rElec) [potion of mutation]
  3829 | D        | Lost mutation: Your body sometimes deteriorates upon taking
                  | damage. [potion of mutation]
  3829 | D        | Lost mutation: You sometimes lose your temper in combat.
                  | [potion of mutation]
  3829 | D        | Gained mutation: Your spells are a little harder to cast,
                  | but a little more powerful. [potion of mutation]
  3842 | D        | Round 24.
  3842 | D        | Noticed a lich
  3846 | D        | Killed a lich
  3854 | D        | Noticed a lich
  3862 | D        | Killed a lich
  3863 | D        | Noticed a lich
  3869 | D        | Killed a lich
  3897 | D        | Bought a scorched cloak for 266 gold pieces
  3897 | D        | Identified the +2 cloak of Hoxes {Contam Regen+ Dex+7} (You
                  | bought it in a shop in the Dungeon)
  3935 | D        | Noticed a lich
  3942 | D        | Killed a lich
  3949 | D        | Noticed an ancient lich
  3957 | D        | Noticed an ancient lich
  3957 | D        | Noticed an ancient lich
  3959 | D        | Noticed an ancient lich
  3960 | D        | Noticed a lich
  3961 | D        | Killed an ancient lich
  3961 | D        | Noticed an ancient lich
  3961 | D        | Noticed a lich
  3963 | D        | Noticed an ancient lich
  3964 | D        | Noticed an ancient lich
  3965 | D        | Noticed an ancient lich
  3965 | D        | Noticed Boris
  3966 | D        | Killed an ancient lich
  3968 | D        | Killed a lich
  3972 | D        | Killed a lich
  3973 | D        | Killed an ancient lich
  3974 | D        | Reached XP level 17. HP: 112/191 MP: 14/14
  3989 | D        | Killed an ancient lich
  3990 | D        | Reached skill level 27 in Armour
  3990 | D        | Reached skill level 27 in Shields
  3990 | D        | Killed Boris
  3996 | D        | Killed an ancient lich
  3996 | D        | Killed an ancient lich
  3998 | D        | Killed an ancient lich
  4001 | D        | Killed an ancient lich
  4001 | D        | Arena points: 85446 (+11136) [x29]
  4052 | D        | Round 25.
  4052 | D        | Noticed a sulfuric acid blob
  4068 | D        | Killed a sulfuric acid blob
  4068 | D        | Identified the amulet of Starshine {Reflect Drain rN++
                  | Str+4 SH+5} (You found it in the Dungeon)
  4068 | D        | Arena points: 97071 (+11625) [x31]
  4069 | D        | Reached skill level 27 in Dodging
  4069 | D        | Reached skill level 10 in Evocations
  4072 | D        | Got a slimy rune of Zot
  4073 | D        | Reached XP level 18. HP: 179/200 MP: 15/15
  4074 | D        | Reached XP level 19. HP: 186/207 MP: 16/16
  4173 | D        | Bought 4 potions of curing for 84 gold pieces
  4173 | D        | Bought 3 potions of heal wounds for 105 gold pieces
  4173 | D        | Bought 3 potions of heal wounds for 105 gold pieces
  4182 | D        | Bought a potion of haste for 70 gold pieces
  4182 | D        | Bought 6 potions of might for 168 gold pieces
  4182 | D        | Bought 4 potions of haste for 280 gold pieces
  4182 | D        | Bought 3 potions of haste for 210 gold pieces
  4259 | D        | Round 26.
  4374 | D        | Reached skill level 15 in Evocations
  4418 | D        | Arena points: 112879 (+15808) [x32]
  4463 | D        | Round 27.
  4463 | D        | Noticed an ancient lich
  4463 | D        | Noticed a Killer Klown
  4475 | D        | Killed an ancient lich
  4478 | D        | Killed a Killer Klown
  4524 | D        | Noticed a Killer Klown
  4529 | D        | Noticed an orb of fire
  4543 | D        | Noticed a Killer Klown
  4547 | D        | Killed an orb of fire
  4549 | D        | Killed a Killer Klown
  4554 | D        | Killed a Killer Klown
  4574 | D        | Noticed an ancient lich
  4580 | D        | Noticed an orb of fire
  4586 | D        | Killed an ancient lich
  4587 | D        | Reached XP level 20. HP: 167/216 MP: 17/17
  4594 | D        | Killed an orb of fire
  4653 | D        | Arena points: 129808 (+16929) [x33]
  4674 | D        | Bought a pair of warped gloves for 427 gold pieces
  4674 | D        | Identified the +1 pair of gloves of the Flute {Dex+4} (You
                  | bought it in a shop in the Dungeon)
  4867 | D        | Round 28.
  4937 | D        | Reached skill level 27 in Evocations
  4946 | D        | Reached skill level 5 in Polearms
  4994 | D        | Reached skill level 10 in Polearms
  5044 | D        | Arena points: 150752 (+20944) [x34]
  5054 | D        | Got the Orb of Zot
  5079 | D        | Round 29.
  5116 | D        | Reached skill level 15 in Polearms
  5214 | D        | Arena points: 169022 (+18270) [x35]
  5260 | D        | Bought 8 scrolls of enchant weapon for 600 gold pieces
  5281 | D        | Round 30.
  5283 | D        | Noticed Gloorx Vloq
  5327 | D        | Killed Gloorx Vloq
  5327 | D        | Arena points: 186782 (+17760) [x37]
  5336 | D        | Got a dark rune of Zot
  5355 | D        | Noticed Zethici the pandemonium lord
  5363 | D        | Killed Zethici the pandemonium lord
  5451 | D        | Reached skill level 27 in Polearms
  5451 | D        | Reached skill level 5 in Maces & Flails
  5488 | D        | Gained mutation: You occasionally lose the ability to drink
                  | potions when taking damage. [a neqoxec]
  5507 | D        | Lost mutation: You have large cloven feet. [potion of
                  | mutation]
  5507 | D        | Lost mutation: You are resistant to electric shocks.
                  | (rElec) [potion of mutation]
  5507 | D        | Gained mutation: Armour fits poorly on your strangely
                  | shaped body. [potion of mutation]
  5508 | D        | Lost mutation: You frequently scream uncontrollably at your
                  | foes. [potion of mutation]
  5508 | D        | Lost mutation: Your spells are a little harder to cast, but
                  | a little more powerful. [potion of mutation]
  5508 | D        | Lost mutation: You occasionally lose the ability to drink
                  | potions when taking damage. [potion of mutation]
  5508 | D        | Gained mutation: You are frail. (-10% HP) [potion of
                  | mutation]
  5508 | D        | Lost mutation: Your magical capacity is low. (-10% MP)
                  | [potion of mutation]
  5508 | D        | Gained mutation: You have very sharp teeth. [potion of
                  | mutation]
  5523 | D        | Round 31.
  5547 | D        | Paralysed by a sphinx for 3 turns
  5554 | D        | Reached skill level 10 in Maces & Flails
  5565 | D        | Paralysed by a sphinx for 2 turns
  5575 | D        | Noticed Raneupp the pandemonium lord
  5580 | D        | Noticed a royal mummy
  5592 | D        | Killed a royal mummy
  5593 | D        | Reached skill level 15 in Maces & Flails
  5620 | D        | Killed Raneupp the pandemonium lord
  5630 | D        | Noticed a royal mummy
  5632 | D        | Paralysed by a sphinx for 3 turns
  5643 | D        | Killed a royal mummy
  5658 | D        | Noticed a royal mummy
  5678 | D        | Killed a royal mummy
  5684 | D        | Reached XP level 21. HP: 32/201 MP: 20/20
  5685 | D        | Arena points: 211520 (+24738) [x38]
  5733 | D        | Round 32.
  5785 | D        | Reached skill level 27 in Maces & Flails
  5822 | D        | Noticed Cicegeru the pandemonium lord
  5839 | D        | Killed Cicegeru the pandemonium lord
  5900 | D        | Reached skill level 15 in Staves
  5942 | D        | Arena points: 232256 (+20736) [x27]
  5960 | D        | Round 33.
  5966 | D        | Noticed Dispater
  5994 | D        | Killed Dispater
  5994 | D        | Identified the amulet of the Snail {Reflect Rampage *Slow
                  | rC++ rCorr SH+5} (You found it in the Dungeon)
  5994 | D        | Arena points: 248525 (+16269) [x29]
  6004 | D        | Noticed Diker the pandemonium lord
  6024 | D        | Killed Diker the pandemonium lord
  6040 | D        | Got an iron rune of Zot
  6140 | D        | Round 34.
  6265 | D        | Paralysed by a sphinx for 5 turns
  6275 | D        | Reached skill level 27 in Staves
  6280 | D        | Reached skill level 5 in Unarmed Combat
  6287 | D        | Paralysed by a sphinx for 4 turns
  6309 | D        | Reached skill level 10 in Unarmed Combat
  6326 | D        | Arena points: 267905 (+19380) [x30]
  6351 | D        | Round 35.
  6385 | D        | Reached skill level 15 in Unarmed Combat
  6424 | D        | Noticed Geryon
  6461 | D        | Killed Geryon
  6462 | D        | Noticed a profane servitor
  6471 | D        | Killed a profane servitor
  6516 | D        | Arena points: 290690 (+22785) [x31]
  6595 | D        | Round 36.
  6596 | D        | Noticed Antaeus
  6637 | D        | Killed Antaeus
  6637 | D        | Identified the +7 morningstar of Okke {freeze, rElec rF++
                  | Dex+2} (You found it in the Dungeon)
  6637 | D        | Arena points: 312074 (+21384) [x33]
  6639 | D        | Noticed Uzxiuw the pandemonium lord
  6649 | D        | Killed Uzxiuw the pandemonium lord
  6654 | D        | Got an icy rune of Zot
  6840 | D        | Round 37.
  6872 | D        | Reached skill level 27 in Unarmed Combat
  6878 | D        | Reached XP level 22. HP: 182/209 MP: 21/21
  6903 | D        | Reached skill level 5 in Stealth
  6929 | D        | Noticed Bovuh the pandemonium lord
  6947 | D        | Reached skill level 10 in Stealth
  6958 | D        | Killed Bovuh the pandemonium lord
  7015 | D        | HP: 10/209 [daeva/divine providence (12)]
  7030 | D        | HP: 4/209 [daeva/divine providence (15)]
  7031 | D        | Killed from afar by a daeva

Illustrated notes

Levels and vault maps discovered:
D:        arena_sprint

Skill      XL: |  1  2  3  4  5  6  7  8  9 10 11 12 13 14 15 16 17 18 19 20 21 22 |
---------------+-------------------------------------------------------------------+-----
Fighting       | 4 5 8 10 13 15 19 22 24 27 | 27.0
Armour         | 4 5 11 12 15 20 26 27 | 27.0
Shields        | 4 5 10 12 17 20 26 27 | 27.0
Axes           | 3 8 13 16 18 20 27 | 27.0
Dodging        | 1 3 10 11 20 27 | 27.0
Evocations     | 4 9 10 11 24 27 | 27.0
Polearms       | 27 | 27.0
Maces & Flails | 24 27 | 27.0
Staves         | 27 | 27.0
Unarmed Combat | 27 | 27.0
Stealth        | 3 13 | 13.6

Action                     |  1- 3 |  4- 6 |  7- 9 | 10-12 | 13-15 | 16-18 | 19-21 | 22-24 || total
---------------------------+-------+-------+-------+-------+-------+-------+-------+-------++-------
  Melee: War axe           |    19 |       |       |       |       |       |       |       ||    19
         Headbutt          |     2 |       |     8 |    21 |    80 |    52 |   193 |    20 ||   376
         Broad axe         |     3 |     7 |    59 |   102 |   301 |   164 |   340 |    68 ||  1044
         Trishula          |       |       |       |       |       |       |   532 |     9 ||   541
         Bite              |       |       |       |       |       |       |    69 |    11 ||    80
 Invoke: Call Merchant     |       |       |       |       |     8 |     3 |     3 |       ||    14
         Potion Petition   |       |       |       |       |       |     1 |    37 |    16 ||    54
  Evoke: Quad damage       |       |       |       |       |     1 |       |       |       ||     1
    Use: Scroll            |     1 |       |     8 |    15 |       |     5 |    12 |     4 ||    45
         Potion            |       |     1 |     5 |     1 |     6 |    20 |    31 |       ||    64
   Stab: Distracted        |       |       |     2 |     1 |     4 |     1 |     8 |     2 ||    18
         Invisible         |       |       |       |       |       |       |     7 |       ||     7
 Armour: Scale mail        |     8 |     3 |    31 |     5 |       |       |       |       ||    47
         Crystal plate arm |       |       |       |     8 |    72 |   180 |   301 |    10 ||   571
         Skin              |       |       |       |       |       |       |    43 |       ||    43
  Dodge: Dodged            |    24 |     3 |    24 |    17 |    44 |    82 |   250 |    10 ||   454
  Block: Buckler           |    10 |     1 |     8 |       |       |       |       |       ||    19
         Tower shield      |       |       |    34 |    67 |   259 |   216 |   710 |    48 ||  1334
         Reflection        |       |       |       |     1 |    46 |     1 |    12 |       ||    60

Table legend: (Time is in decaauts)
 A = Elapsed time spent in this place.
 B = Non-inter-level travel time spent in this place.
 C = Inter-level travel time spent in this place.
 D = Time resting spent in this place.
 E = Time spent auto-exploring this place.
 F = Levels seen in this place.
 G = Mean time per level.
                   A        B        C        D        E       F      G
               +--------+--------+--------+--------+--------+-----+--------+
         Total |   6483 |   6481 |      2 |    791 |    175 |   1 | 6483.0 |
       Dungeon |   6483 |   6481 |      2 |    791 |    175 |   1 | 6483.0 |
               +--------+--------+--------+--------+--------+-----+--------+

Top non-repeatable levels by time:
       D: 6483 daAuts
